| TOP OF THE 1ST |
|
New York Mets batting - Pitching for St. Louis Cardinals : LHP Nate Crow
|
|
Pitching: LHP Nate Crow
|
|
|
Batting: LHB Kevin Bellman
|
0-0: Ball 1-0: Ball 2-0: Fly out, F7 (Line Drive, 78M, EV 90.6 MPH)
|
|
Batting: RHB Josh Jones
|
0-0: Foul Ball, location: 2F 0-1: Ground out 6-3 (Groundball, 6, EV 84.4 MPH)
|
|
Batting: SHB Sean Cook
|
0-0: Foul Ball, location: 2F 0-1: Ball 1-1: Ball 2-1: Ball 3-1: Foul Ball, location: 2F 3-2: Strikes out swinging
|
| Top of the 1st over - 0 runs, 0 hits, 0 errors, 0 left on base; New York 0 - St. Louis 0 |
| BOTTOM OF THE 1ST |
|
St. Louis Cardinals batting - Pitching for New York Mets : RHP Apostolos Tsatsos
|
|
Pitching: RHP Apostolos Tsatsos
|
|
|
Batting: RHB Mike Bates
|
0-0: Called Strike 0-1: Ball 1-1: Ball 2-1: Ground out 5-3 (Groundball, 5, EV 87.5 MPH)
|
|
Batting: SHB Harry Hoop
|
0-0: SOLO HOME RUN (Flyball, 78XD, EV 97.5 MPH), Distance : 392 ft
|
|
Batting: SHB Antoine Roux
|
0-0: Foul Ball, location: 2F 0-1: Ball 1-1: DOUBLE (Line Drive, 7LS, EV 104.4 MPH)
|
|
Batting: LHB Ichiro Toyota
|
0-0: Ball 1-0: SINGLE (Flyball, 7LS, EV 95.6 MPH) Antoine Roux to third
|
|
Batting: LHB Armando Carbajal
|
0-0: Ball 1-0: Ball 2-0: Called Strike 2-1: Foul Ball, location: 2F 2-2: Ball 3-2: Foul Ball, location: 2F 3-2: Foul Ball, location: 2F 3-2: Foul Ball, location: 2F 3-2: Base on Balls Ichiro Toyota to second
|
|
Batting: LHB Billy Guzman
|
0-0: Grounds into double play, 3-6-3 (Groundball, 3, EV 100.0 MPH)
|
| Bottom of the 1st over - 1 run, 3 hits, 0 errors, 2 left on base; New York 0 - St. Louis 1 |
| TOP OF THE 2ND |
|
New York Mets batting - Pitching for St. Louis Cardinals : LHP Nate Crow
|
|
Batting: RHB Jeff Jank
|
0-0: Ball 1-0: Ball 2-0: Ball 3-0: Swinging Strike 3-1: SINGLE (Line Drive, 8RS, EV 94.4 MPH)
|
|
Batting: SHB Nelle van den Berg
|
0-0: Ball 1-0: Fly out, F6 (Line Drive, 6, EV 75.0 MPH)
|
|
Batting: RHB Finn Ross
|
0-0: Called Strike 0-1: Foul Ball, location: 2F 0-2: Fly out, F7 (Flyball, 7, EV 83.1 MPH)
|
|
Batting: SHB Jason Larson
|
0-0: Swinging Strike 0-1: Foul Ball, location: 2F 0-2: Foul Ball, location: 2F 0-2: Strikes out swinging
|
| Top of the 2nd over - 0 runs, 1 hit, 0 errors, 1 left on base; New York 0 - St. Louis 1 |
| BOTTOM OF THE 2ND |
|
St. Louis Cardinals batting - Pitching for New York Mets : RHP Apostolos Tsatsos
|
|
Batting: RHB Melvin Enriquez
|
0-0: SINGLE (Line Drive, 78M, EV 84.4 MPH)
|
|
Batting: RHB Klaas Meij
|
0-0: Called Strike 0-1: Foul Ball, location: 2F 0-2: Strikes out swinging
|
|
Batting: RHB Danny Gallo
|
0-0: Ball 1-0: Foul Ball, location: 2F 1-1: SINGLE (Groundball, 56, EV 79.4 MPH) (infield hit) Melvin Enriquez to second
|
|
Batting: RHB Mike Bates
|
0-0: Ball 1-0: Ball 2-0: Called Strike 2-1: Ball 3-1: Foul Ball, location: 2F 3-2: Strikes out looking
|
|
Batting: SHB Harry Hoop
|
0-0: Ball 1-0: Ball 2-0: Ball 3-0: Called Strike 3-1: Base on Balls Melvin Enriquez to third Danny Gallo to second
|
|
Batting: SHB Antoine Roux
|
0-0: Ball 1-0: Ball 2-0: Ball 3-0: Called Strike 3-1: SINGLE (Line Drive, 7LS, EV 103.1 MPH) Melvin Enriquez scores Danny Gallo to third Harry Hoop to second Runner from 3rd tries for Home, SAFE, throw by LF to home
|
|
Batting: LHB Ichiro Toyota
|
0-0: Ball 1-0: Ball 2-0: Called Strike 2-1: Fly out, F7 (Line Drive, 7S, EV 95.0 MPH)
|
| Bottom of the 2nd over - 2 runs, 3 hits, 0 errors, 2 left on base; New York 0 - St. Louis 3 |
| TOP OF THE 3RD |
|
New York Mets batting - Pitching for St. Louis Cardinals : LHP Nate Crow
|
|
Batting: SHB Billy Encinias
|
0-0: Called Strike 0-1: Foul Ball, location: 2F 0-2: Ball 1-2: Foul Ball, location: 2F 1-2: Ball 2-2: Ground out 6-3 (Groundball, P, EV 87.5 MPH)
|
|
Batting: LHB Chris Ringwood
|
0-0: Called Strike 0-1: Foul Ball, location: 2F 0-2: Ball 1-2: Ball 2-2: Ball 3-2: Ground out 1-3 (Groundball, 23, EV 67.5 MPH)
|
|
Batting: LHB Kevin Bellman
|
0-0: Ball 1-0: Ball 2-0: Ball 3-0: Base on Balls
|
|
Batting: RHB Josh Jones
|
0-0: Called Strike 0-1: Ball 1-1: Ground out 4-3 (Groundball, 34, EV 105.0 MPH)
|
| Top of the 3rd over - 0 runs, 0 hits, 0 errors, 1 left on base; New York 0 - St. Louis 3 |
| BOTTOM OF THE 3RD |
|
St. Louis Cardinals batting - Pitching for New York Mets : RHP Apostolos Tsatsos
|
|
Batting: LHB Armando Carbajal
|
0-0: Called Strike 0-1: SINGLE (Groundball, 4MD, EV 107.5 MPH)
|
|
Batting: LHB Billy Guzman
|
0-0: Ball 1-0: Ball 2-0: Grounds into double play, 4-6-3 (Groundball, 4, EV 86.9 MPH)
|
|
Batting: RHB Melvin Enriquez
|
0-0: Ball 1-0: Ball 2-0: Foul Ball, location: 2F 2-1: Ball 3-1: Foul Ball, location: 2F 3-2: Fly out, F8 (Line Drive, 8LD, EV 85.0 MPH)
|
| Bottom of the 3rd over - 0 runs, 1 hit, 0 errors, 0 left on base; New York 0 - St. Louis 3 |
| TOP OF THE 4TH |
|
New York Mets batting - Pitching for St. Louis Cardinals : LHP Nate Crow
|
|
Batting: SHB Sean Cook
|
0-0: Ball 1-0: Ball 2-0: Fly out, F8 (Line Drive, 8RM, EV 108.1 MPH)
|
|
Batting: RHB Jeff Jank
|
0-0: Ball 1-0: Ball 2-0: Ball 3-0: Fly out, F8 (Flyball, 8RM, EV 73.8 MPH)
|
|
Batting: SHB Nelle van den Berg
|
0-0: Foul Ball, location: 2F 0-1: Ground out 4-3 (Groundball, 4, EV 85.0 MPH)
|
| Top of the 4th over - 0 runs, 0 hits, 0 errors, 0 left on base; New York 0 - St. Louis 3 |
| BOTTOM OF THE 4TH |
|
St. Louis Cardinals batting - Pitching for New York Mets : RHP Apostolos Tsatsos
|
|
Batting: RHB Klaas Meij
|
0-0: Called Strike 0-1: Foul Ball, location: 2F 0-2: Foul Ball, location: 2F 0-2: Ball 1-2: Ball 2-2: Fly out, F7 (Flyball, 78D, EV 101.2 MPH)
|
|
Batting: RHB Danny Gallo
|
0-0: Ball 1-0: Called Strike 1-1: Ball 2-1: Swinging Strike 2-2: Ball 3-2: Base on Balls
|
|
Batting: RHB Mike Bates
|
0-0: Ball 1-0: Foul Ball, location: 2F 1-1: Foul Ball, location: 2F 1-2: Foul Ball, location: 2F 1-2: Foul Ball, location: 2F 1-2: Ball 2-2: 2-RUN HOME RUN (Flyball, 78XD, EV 98.1 MPH), Distance : 390 ft
|
|
Pitching: RHP Brian Wood
|
|
|
Batting: SHB Harry Hoop
|
0-0: Called Strike 0-1: Ground out 4-3 (Groundball, 4M, EV 84.4 MPH)
|
|
Batting: SHB Antoine Roux
|
0-0: Called Strike 0-1: Foul Ball, location: 2F 0-2: Ball 1-2: Foul Ball, location: 2F 1-2: Foul Ball, location: 2F 1-2: Ball 2-2: Foul Ball, location: 2F 2-2: Foul Ball, location: 2F 2-2: Foul Ball, location: 2F 2-2: SINGLE (Line Drive, 56D, EV 95.0 MPH)
|
|
Batting: LHB Ichiro Toyota
|
0-0: Ball 1-0: Ball 2-0: Ground out 4-3 (Groundball, 4, EV 88.8 MPH)
|
| Bottom of the 4th over - 2 runs, 2 hits, 0 errors, 1 left on base; New York 0 - St. Louis 5 |
| TOP OF THE 5TH |
|
New York Mets batting - Pitching for St. Louis Cardinals : LHP Nate Crow
|
|
Batting: RHB Finn Ross
|
0-0: Swinging Strike 0-1: DOUBLE (Flyball, 89D, EV 100.6 MPH)
|
|
Batting: SHB Jason Larson
|
0-0: Called Strike 0-1: SINGLE (Groundball, 6MD, EV 93.8 MPH) Finn Ross to third
|
|
Batting: SHB Billy Encinias
|
0-0: Called Strike Jason Larson is caught stealing 2nd base 2-4 0-1: Swinging Strike 0-2: Ball 1-2: Strikes out swinging
|
|
Batting: LHB Chris Ringwood
|
0-0: Ball 1-0: Foul Ball, location: 2F 1-1: Foul Ball, location: 2F 1-2: Ball 2-2: Fly out, F8 (Line Drive, 8RD, EV 93.1 MPH)
|
| Top of the 5th over - 0 runs, 2 hits, 0 errors, 1 left on base; New York 0 - St. Louis 5 |
| BOTTOM OF THE 5TH |
|
St. Louis Cardinals batting - Pitching for New York Mets : RHP Brian Wood
|
|
Batting: LHB Armando Carbajal
|
0-0: Ball 1-0: Fly out, F8 (Flyball, 8RD, EV 93.1 MPH)
|
|
Batting: LHB Billy Guzman
|
0-0: Foul Ball, location: 2F 0-1: Swinging Strike 0-2: Ball 1-2: Strikes out swinging
|
|
Batting: RHB Melvin Enriquez
|
0-0: Foul Ball, location: 2F 0-1: Ball 1-1: SOLO HOME RUN (Flyball, 78XD, EV 99.4 MPH), Distance : 393 ft
|
|
Batting: RHB Klaas Meij
|
0-0: Ball 1-0: Foul Ball, location: 2F 1-1: Foul Ball, location: 2F 1-2: Fly out, F8 (Flyball, 8RD, EV 105.6 MPH)
|
| Bottom of the 5th over - 1 run, 1 hit, 0 errors, 0 left on base; New York 0 - St. Louis 6 |
| TOP OF THE 6TH |
|
New York Mets batting - Pitching for St. Louis Cardinals : LHP Nate Crow
|
|
Batting: LHB Kevin Bellman
|
0-0: Ball 1-0: Ball 2-0: Foul Ball, location: 2F 2-1: Ball 3-1: Base on Balls
|
|
Batting: RHB Josh Jones
|
0-0: Called Strike 0-1: Ball 1-1: Ball 2-1: Foul Ball, location: 2F 2-2: SINGLE (Groundball, 4D, EV 105.6 MPH) Kevin Bellman to second Runner from 2nd tries for 3rd, SAFE, throw by CF made at trailing runner, OUT! 8-6
|
|
Batting: SHB Sean Cook
|
0-0: Ball 1-0: Foul Ball, location: 2F 1-1: Ball 2-1: Swinging Strike 2-2: Ball 3-2: Foul Ball, location: 2F 3-2: Ground out 6-3 (Groundball, 6M, EV 107.5 MPH) Kevin Bellman scores
|
|
Batting: RHB Jeff Jank
|
0-0: Foul Ball, location: 2F 0-1: Ball 1-1: Ball 2-1: Called Strike 2-2: Ball 3-2: Strikes out swinging
|
| Top of the 6th over - 1 run, 1 hit, 0 errors, 0 left on base; New York 1 - St. Louis 6 |
| BOTTOM OF THE 6TH |
|
St. Louis Cardinals batting - Pitching for New York Mets : RHP Brian Wood
|
|
Batting: RHB Danny Gallo
|
0-0: Ground out 3-1 (Groundball, 34, EV 106.9 MPH)
|
|
Batting: RHB Mike Bates
|
0-0: Ball 1-0: Swinging Strike 1-1: Ball 2-1: Ball 3-1: Foul Ball, location: 2F 3-2: Base on Balls
|
|
Batting: SHB Harry Hoop
|
0-0: Ball 1-0: Ball 2-0: Ball 3-0: Base on Balls Mike Bates to second
|
|
Batting: SHB Antoine Roux
|
0-0: Ball 1-0: SINGLE (Line Drive, 34D, EV 101.2 MPH) Mike Bates to third Harry Hoop to second Runner from 3rd tries for Home, SAFE, throw by RF to home
|
|
Batting: LHB Ichiro Toyota
|
0-0: Ball 1-0: Ball 2-0: Foul Ball, location: 2F 2-1: Fly out, F8 (Line Drive, 8LM, EV 110.0 MPH)
|
|
Pitching: LHP Ryan Price
|
|
|
Batting: LHB Armando Carbajal
|
0-0: Ball 1-0: Ball 2-0: Fly out, F7 (Flyball, 7S, EV 88.1 MPH)
|
| Bottom of the 6th over - 1 run, 1 hit, 0 errors, 2 left on base; New York 1 - St. Louis 7 |
| TOP OF THE 7TH |
|
New York Mets batting - Pitching for St. Louis Cardinals : LHP Nate Crow
|
|
Batting: SHB Nelle van den Berg
|
0-0: Ball 1-0: Foul Ball, location: 2F 1-1: Foul Ball, location: 2F 1-2: Foul Ball, location: 2F 1-2: Foul Ball, location: 2F 1-2: Strikes out swinging
|
|
Batting: RHB Finn Ross
|
0-0: Ball 1-0: Ball 2-0: Called Strike 2-1: Ball 3-1: Foul Ball, location: 2F 3-2: Foul Ball, location: 2F 3-2: Base on Balls
|
|
Pitching: LHP Marc Eismann
|
|
|
Batting: SHB Jason Larson
|
0-0: Called Strike 0-1: Grounds into double play, 6-4-3 (Groundball, 6, EV 86.2 MPH)
|
| Top of the 7th over - 0 runs, 0 hits, 0 errors, 0 left on base; New York 1 - St. Louis 7 |
| BOTTOM OF THE 7TH |
|
St. Louis Cardinals batting - Pitching for New York Mets : LHP Ryan Price
|
|
Batting: LHB Billy Guzman
|
0-0: Called Strike 0-1: Foul Ball, location: 2F 0-2: Ball 1-2: Ball 2-2: Ball 3-2: Strikes out swinging
|
|
Batting: RHB Melvin Enriquez
|
0-0: Ball 1-0: SINGLE (Line Drive, 34D, EV 99.4 MPH)
|
|
Batting: RHB Klaas Meij
|
0-0: Called Strike 0-1: Called Strike 0-2: Ball 1-2: Strikes out swinging
|
|
Batting: RHB Danny Gallo
|
0-0: Fly out, F7 (Flyball, 7, EV 83.1 MPH)
|
| Bottom of the 7th over - 0 runs, 1 hit, 0 errors, 1 left on base; New York 1 - St. Louis 7 |
| TOP OF THE 8TH |
|
New York Mets batting - Pitching for St. Louis Cardinals : LHP Marc Eismann
|
|
Batting: SHB Billy Encinias
|
0-0: Ball 1-0: Ball 2-0: Called Strike 2-1: Called Strike 2-2: Ball 3-2: Base on Balls
|
|
Batting: LHB Chris Ringwood
|
|
|
Pinch Hitting: RHB Antonio Aranda
|
0-0: Ball 1-0: Ball 2-0: Ball 3-0: Called Strike 3-1: Called Strike 3-2: Foul Ball, location: 2F 3-2: Base on Balls Billy Encinias to second
|
|
Batting: LHB Kevin Bellman
|
0-0: Called Strike 0-1: Ball 1-1: DOUBLE (Line Drive, 5D, EV 107.5 MPH) Billy Encinias scores Antonio Aranda to third
|
|
Batting: RHB Josh Jones
|
0-0: Called Strike 0-1: Foul Ball, location: 2F 0-2: Ball 1-2: Foul Ball, location: 2F 1-2: SINGLE (Line Drive, 56, EV 106.2 MPH) Antonio Aranda scores Kevin Bellman to third
|
|
Batting: SHB Sean Cook
|
0-0: Ball 1-0: Called Strike 1-1: Foul Ball, location: 2F 1-2: Ball 2-2: Foul Ball, location: 2F 2-2: Fly out, F8 (Flyball, 8LD, EV 93.1 MPH) Runner from 3rd tags up, OUT at HOME! 8-2 Josh Jones to second
|
|
Batting: RHB Jeff Jank
|
0-0: Called Strike 0-1: Ball 1-1: Swinging Strike 1-2: Ball 2-2: Foul Ball, location: 2F 2-2: Ground out 5-3 (Groundball, 5S, EV 68.8 MPH)
|
| Top of the 8th over - 2 runs, 2 hits, 0 errors, 1 left on base; New York 3 - St. Louis 7 |
| BOTTOM OF THE 8TH |
|
St. Louis Cardinals batting - Pitching for New York Mets : LHP Ryan Price
|
|
Now in LF: Finn Ross
|
|
|
Now in CF: Antonio Aranda
|
|
|
Batting: RHB Mike Bates
|
0-0: Called Strike 0-1: Ball 1-1: Ball 2-1: Ball 3-1: Swinging Strike 3-2: Strikes out swinging
|
|
Batting: SHB Harry Hoop
|
0-0: Ball 1-0: Fly out, F8 (Flyball, 8RS, EV 86.9 MPH)
|
|
Batting: SHB Antoine Roux
|
0-0: Foul Ball, location: 2F 0-1: Called Strike 0-2: Ball 1-2: Strikes out swinging
|
| Bottom of the 8th over - 0 runs, 0 hits, 0 errors, 0 left on base; New York 3 - St. Louis 7 |
| TOP OF THE 9TH |
|
New York Mets batting - Pitching for St. Louis Cardinals : LHP Marc Eismann
|
|
Pitching: RHP Danny Cook
|
|
|
Batting: SHB Nelle van den Berg
|
0-0: Swinging Strike 0-1: Ball 1-1: Swinging Strike 1-2: SINGLE (Groundball, 34D, EV 107.5 MPH) (infield hit)
|
|
Batting: RHB Finn Ross
|
0-0: Called Strike 0-1: Ball 1-1: Fielders Choice at 2nd, 5-4 (Groundball, 5, EV 105.0 MPH)
|
|
Batting: SHB Jason Larson
|
0-0: Ball 1-0: Ball 2-0: Ball 3-0: Called Strike 3-1: SINGLE (Groundball, 4MS, EV 71.9 MPH) (infield hit) Finn Ross to second
|
|
Pitching: LHP Danny Rivera
|
|
|
Batting: SHB Billy Encinias
|
0-0: Called Strike 0-1: Ball 1-1: Ball 2-1: Foul Ball, location: 2F 2-2: Strikes out swinging
|
|
Batting: RHB Antonio Aranda
|
0-0: Swinging Strike 0-1: Foul Ball, location: 2F 0-2: Ball 1-2: Strikes out looking
|
| Top of the 9th over - 0 runs, 2 hits, 0 errors, 2 left on base; New York 3 - St. Louis 7 |
|